RedWings vs Senators

Created - Tuesday, November 04, 2014 at 22:51

Goals
1 2 3 T
RedWings 1 0 1 2
Senators 2 2 1 5
Shots
1 2 3 T
RedWings 18 10 13 41
Senators 8 14 5 27

1st period

1. Senators , Johnny Oduya 4 (Scott Hartnell, Phil Kessel) at 2:16 (PP)
2. Senators , Nikita Nikitin 1 (Scott Hartnell, Phil Kessel) at 11:44
3. RedWings , Brian Campbell 4 (Milan Michalek, Justin Abdelkader) at 14:00

Penalties :
Travis Moen (Det) for Hooking (Minor) at 1:31, Kyle Clifford (Ott) for Holding (Minor) at 8:38, Zach Bogosian (Ott) for Hooking (Minor) at 15:35, Nazem Kadri (Ott) for Tripping (Minor) at 18:18

2nd period

4. Senators , Zach Bogosian 1 (Scott Hartnell, Fedor Tyutin) at 7:23 (PP)
5. Senators , Fedor Tyutin 2 (Brad Richards, Zach Bogosian) at 9:28 (PP)

Penalties :
Zac Rinaldo (Det) for Slashing (Minor) at 3:56, Stephane Veilleux (Det) for Roughing (Minor) at 6:58, Milan Michalek (Det) for Roughing (Minor) at 8:07, Brandon Prust (Det) for High sticking (Minor) at 8:36, Zach Bogosian (Ott) for High sticking (Minor) at 13:07, David Clarkson (Ott) for Hooking (Minor) at 17:15

3rd period

6. Senators , Reilly Smith 1 (Zach Bogosian) at 1:12 (PP)
7. RedWings , Tomas Hertl 5 (Stephane Veilleux, Alexei Emelin) at 9:14

Penalties :
Travis Moen (Det) for High sticking (Minor) at 0:07, Brandon Prust (Det) for Hooking (Minor) at 3:19, Brandon Prust (Det) for Hooking (Minor) at 6:37

Goalie Stats

Martin Jones (Det), 22 saves from 27 shots - (0.815), L, 0-3-0, 60:00 minutes
Steve Mason (Ott), 39 saves from 41 shots - (0.951), W, 6-5-1, 60:00 minutes

Players Stats for RedWings

Player Name              G  A  P  +/- PIM S  H  SB GA TA FO     MP     PP MP  PK MP  
------------------------------------------------------------------------------------
Alex Goligoski           0  0  0   1  0   6  1  0  1  1  0/0    28:27   5:31   7:41 
Alexei Emelin            0  1  1   1  0   0  1  2  1  0  0/0    20:24   4:24   2:59 
Brandon Prust            0  0  0   0  6   2  1  1  2  0  5/20   17:04   4:22   3:46 
Brian Campbell           1  0  1   1  0   11 0  2  4  2  0/0    28:27   5:31   7:41 
Bryan Bickell            0  0  0   0  0   3  0  0  2  0  0/0     7:32   0:00   0:00 
Chris VandeVelde         0  0  0  -1  0   0  1  2  2  2  3/5    10:21   0:00   0:00 
David Moss               0  0  0   1  0   0  3  0  0  0  0/0    17:00   5:33   1:26 
Jason Demers             0  0  0  -1  0   1  1  1  1  1  0/0    11:08   0:00   0:00 
Jesse Joensuu            0  0  0  -1  0   1  1  1  1  0  0/0    11:19   0:00   0:47 
Johnny Boychuk           0  0  0   1  0   1  0  0  0  1  0/0    20:24   4:24   2:59 
Justin Abdelkader        0  1  1   1  0   2  5  0  3  0  8/15   23:21   5:33   7:35 
Milan Michalek           0  1  1   1  2   2  1  0  0  0  1/1    15:18   5:33   0:00 
Nick Leddy               0  0  0  -1  0   1  1  1  0  1  0/0    11:08   0:00   0:00 
Stephane Veilleux        0  1  1   1  2   1  1  0  1  1  0/0    15:13   4:22   0:00 
Tomas Hertl              1  0  1   1  0   5  3  0  2  0  5/10   12:54   0:00   2:23 
Travis Moen              0  0  0   1  4   2  2  1  0  0  0/0    16:35   4:22   1:08 
Tyler Pitlick            0  0  0  -1  0   2  0  0  0  0  1/1    10:21   0:00   0:00 
Zac Rinaldo              0  0  0   0  2   1  3  0  1  1  3/6    11:19   0:00   3:22 

Players Stats for Senators

Player Name              G  A  P  +/- PIM S  H  SB GA TA FO     MP     PP MP  PK MP  
------------------------------------------------------------------------------------
Boone Jenner             0  0  0  -1  0   2  0  0  5  1  9/17   17:13   0:00   6:53 
Brad Richards            0  1  1   0  0   2  1  2  1  1  8/14   16:21   4:39   0:00 
Colin Greening           0  0  0   0  0   1  1  0  1  0  0/0    12:02   0:00   6:56 
David Clarkson           0  0  0   0  2   0  1  0  0  0  1/1     6:59   0:00   1:54 
Fedor Tyutin             1  1  2  -1  0   2  2  11 0  2  0/0    28:21   6:55   5:03 
Johnny Oduya             1  0  1  -1  0   2  0  5  0  0  0/0    22:10   3:45   6:28 
Justin Schultz           0  0  0  -1  0   0  1  2  2  5  0/0    22:51   3:45   6:03 
Kyle Chipchura           0  0  0   0  0   0  0  0  0  0  2/4     8:37   0:00   2:59 
Kyle Clifford            0  0  0  -1  2   1  2  0  0  0  0/0    10:23   0:00   0:00 
Kyle Okposo              0  0  0   0  0   1  0  1  2  0  0/1    16:21   4:39   0:00 
Matt Greene              0  0  0   1  0   0  0  1  0  3  0/0     8:12   0:00   0:00 
Nazem Kadri              0  0  0   0  2   1  3  0  0  0  12/20  18:03   6:01   0:00 
Nikita Nikitin           1  0  1   1  0   2  0  2  1  1  0/0    12:26   0:00   0:00 
Phil Kessel              0  2  2   0  0   7  1  0  2  0  0/0    17:59   6:01   0:00 
Reilly Smith             1  0  1   0  0   1  0  0  1  0  0/0    18:01   4:39   1:08 
Scott Gomez              0  0  0  -1  0   1  2  2  1  0  0/1     9:52   0:00   0:00 
Scott Hartnell           0  3  3   0  0   2  2  1  3  0  0/0    17:59   6:01   0:00 
Zach Bogosian            1  2  3  -1  4   2  1  3  0  2  0/0    26:05   6:55   2:16 

3 Stars

1 - Fedor Tyutin (Ott)
2 - Scott Hartnell (Ott)
3 - Tomas Hertl (Det)

Power Play

RedWings - 0 on 5 Attempt(s) - 0.00%
Senators - 4 on 8 Attempt(s) - 50.00%

Penalty Kill

RedWings - 4 on 8 Attempt(s) - 50.00% - Score 0 goal in Penalty Kill
Senators - 5 on 5 Attempt(s) - 100.00% - Score 0 goal in Penalty Kill

Official

Referees : Unknown
Linesman : Unknown

Game Notes

18:13 of 2nd period - RedWings goal is going for a video replay. After video review, No Goal. The attacking player has interfered with a goalkeeper in his goal crease.
Matt Greene is injured at 10:16 of 3rd period (Right Hand)

Finance

Level 1 -- Attendance: 4529 (75.48%) -- Ticket Income $452,900
Level 2 -- Attendance: 3440 (68.80%) -- Ticket Income $206,400
Level 3 -- Attendance: 1567 (78.35%) -- Ticket Income $54,845
Level 4 -- Attendance: 3148 (78.70%) -- Ticket Income $62,960
Luxury Box -- Attendance: 687 (68.70%) -- Ticket Income $137,400
Game was played at the Scotiabank Place
Total Attendance: 13371 (74.28%)
Total Ticket Income: $914,505
Other Income: $448,107
Total Income: $1,362,612

RedWings

5 vs 5 Forward 
   Center                   Left Wing                Right Wing               Time % Phy DF OF 
 1 Justin Abdelkader        Milan Michalek           David Moss               30     1   2  2  
 2 Tomas Hertl              Travis Moen              Stephane Veilleux        30     1   2  2  
 3 Brandon Prust            Bryan Bickell            Zac Rinaldo              24     1   2  2  
 4 Chris VandeVelde         Jesse Joensuu            Tyler Pitlick            16     1   2  2  

5 vs 5 Defense 
   Defense                  Defense                                           Time % Phy DF OF 
 1 Brian Campbell           Alex Goligoski                                    35     1   2  2  
 2 Johnny Boychuk           Alexei Emelin                                     30     1   2  2  
 3 Jason Demers             Nick Leddy                                        22     1   2  2  
 4 Brian Campbell           Alex Goligoski                                    13     1   2  2  

PowerPlay Forward 
   Center                   Left Wing                Right Wing               Time % Phy DF OF 
 1 Justin Abdelkader        Milan Michalek           David Moss               60     1   2  2  
 2 Brandon Prust            Travis Moen              Stephane Veilleux        40     1   2  2  

PowerPlay Defense
   Defense                  Defense                                           Time % Phy DF OF 
 1 Brian Campbell           Alex Goligoski                                    60     1   2  2  
 2 Johnny Boychuk           Alexei Emelin                                     40     1   2  2  

Penalty Kill 4 Players Forward 
   Center                   Wing                     Time % Phy DF OF 
 1 Brandon Prust            Justin Abdelkader        60     1   4  0  
 2 David Moss               Travis Moen              40     1   4  0  

Penalty Kill 4 Players Defense
   Defense                  Defense                  Time % Phy DF OF 
 1 Brian Campbell           Alex Goligoski           60     1   4  0  
 2 Johnny Boychuk           Alexei Emelin            40     1   4  0  

Penalty Kill - 3 Players Forward 
   Forward                                           Time % Phy DF OF 
 1 Brandon Prust                                     60     1   2  2  
 2 Justin Abdelkader                                 40     1   2  2  

Penalty Kill - 3 Players Defense
   Defense                  Defense                  Time % Phy DF OF 
 1 Brian Campbell           Alex Goligoski           60     1   2  2  
 2 Johnny Boychuk           Alexei Emelin            40     1   2  2  

4 vs 4 Forward 
   Center                   Wing                     Time % Phy DF OF 
 1 Milan Michalek           Justin Abdelkader        60     1   2  2  
 2 David Moss               Travis Moen              40     1   2  2  

4 vs 4 Defense
   Defense                  Defense                  Time % Phy DF OF 
 1 Brian Campbell           Alex Goligoski           60     1   2  2  
 2 Johnny Boychuk           Alexei Emelin            40     1   2  2  

Last Minutes Offensive
   Center                   Left Wing                Right Wing               Defense                  Defense                  
   Justin Abdelkader        Milan Michalek           David Moss               Brian Campbell           Alex Goligoski           

Last Minutes Defensive
   Center                   Left Wing                Right Wing               Defense                  Defense                  
   Justin Abdelkader        Milan Michalek           David Moss               Brian Campbell           Alex Goligoski           

Goaltenders
Starting : Martin Jones             
Backup : Jonas Hiller             

Extra Forwards
Normal : Tomas Hertl, Bryan Bickell, Zac Rinaldo - PP : Tomas Hertl, Bryan Bickell - PK : Zac Rinaldo
Extra Defensemen
Normal : Jason Demers, Nick Leddy, Johnny Boychuk - PP : Jason Demers - PK : Nick Leddy, Johnny Boychuk
Penalty Shots
Milan Michalek, Justin Abdelkader, David Moss, Travis Moen, Brandon Prust

Senators

5 vs 5 Forward 
   Center                   Left Wing                Right Wing               Time % Phy DF OF 
 1 Nazem Kadri              Scott Hartnell           Phil Kessel              35     1   1  3  
 2 Brad Richards            Reilly Smith             Kyle Okposo              30     1   1  3  
 3 Boone Jenner             Kyle Clifford            Scott Gomez              22     2   2  1  
 4 Kyle Chipchura           Colin Greening           David Clarkson           13     2   2  1  

5 vs 5 Defense 
   Defense                  Defense                                           Time % Phy DF OF 
 1 Fedor Tyutin             Zach Bogosian                                     35     1   2  2  
 2 Johnny Oduya             Justin Schultz                                    30     1   2  2  
 3 Nikita Nikitin           Matt Greene                                       22     1   2  2  
 4 Fedor Tyutin             Zach Bogosian                                     13     1   2  2  

PowerPlay Forward 
   Center                   Left Wing                Right Wing               Time % Phy DF OF 
 1 Nazem Kadri              Scott Hartnell           Phil Kessel              60     0   0  5  
 2 Brad Richards            Reilly Smith             Kyle Okposo              40     0   1  4  

PowerPlay Defense
   Defense                  Defense                                           Time % Phy DF OF 
 1 Fedor Tyutin             Zach Bogosian                                     60     1   1  3  
 2 Johnny Oduya             Justin Schultz                                    40     1   1  3  

Penalty Kill 4 Players Forward 
   Center                   Wing                     Time % Phy DF OF 
 1 Boone Jenner             Colin Greening           60     1   3  1  
 2 Kyle Chipchura           David Clarkson           40     1   3  1  

Penalty Kill 4 Players Defense
   Defense                  Defense                  Time % Phy DF OF 
 1 Fedor Tyutin             Zach Bogosian            60     1   4  0  
 2 Johnny Oduya             Justin Schultz           40     1   4  0  

Penalty Kill - 3 Players Forward 
   Forward                                           Time % Phy DF OF 
 1 Kyle Chipchura                                    60     1   4  0  
 2 Boone Jenner                                      40     1   4  0  

Penalty Kill - 3 Players Defense
   Defense                  Defense                  Time % Phy DF OF 
 1 Fedor Tyutin             Zach Bogosian            60     1   4  0  
 2 Johnny Oduya             Justin Schultz           40     1   4  0  

4 vs 4 Forward 
   Center                   Wing                     Time % Phy DF OF 
 1 Nazem Kadri              Phil Kessel              60     1   1  3  
 2 Brad Richards            Kyle Okposo              40     1   1  3  

4 vs 4 Defense
   Defense                  Defense                  Time % Phy DF OF 
 1 Fedor Tyutin             Zach Bogosian            60     1   2  2  
 2 Johnny Oduya             Justin Schultz           40     1   2  2  

Last Minutes Offensive
   Center                   Left Wing                Right Wing               Defense                  Defense                  
   Nazem Kadri              Scott Hartnell           Phil Kessel              Fedor Tyutin             Zach Bogosian            

Last Minutes Defensive
   Center                   Left Wing                Right Wing               Defense                  Defense                  
   Nazem Kadri              Scott Hartnell           Phil Kessel              Fedor Tyutin             Zach Bogosian            

Goaltenders
Starting : Steve Mason              
Backup : James Reimer             

Extra Forwards
Normal : Nazem Kadri, Colin Greening, Reilly Smith - PP : Nazem Kadri, Colin Greening - PK : Reilly Smith
Extra Defensemen
Normal : Justin Schultz, Zach Bogosian, Johnny Oduya - PP : Justin Schultz - PK : Justin Schultz, Johnny Oduya
Penalty Shots
Nazem Kadri, Phil Kessel, Kyle Okposo, Brad Richards, Scott Hartnell

% Time on Ice - RedWings

Lines # - Real PCT - Wanted PCT - Time Play
Normal Forward
1 - 26% - 30% - 10:24
2 - 28% - 30% - 11:08
3 - 19% - 24% - 7:32
4 - 26% - 16% - 10:21
Normal Defense
1 - 37% - 35% - 14:25
2 - 33% - 30% - 13:01
3 - 28% - 22% - 11:09
4 - 2% - 13% - 0:50
PP Forward
1 - 56% - 60% - 5:33
2 - 44% - 40% - 4:22
PP Defense
1 - 56% - 60% - 5:31
2 - 44% - 40% - 4:24
PK Forward
1 - 85% - 60% - 8:22
2 - 15% - 40% - 1:26
PK Defense
1 - 70% - 60% - 6:49
2 - 30% - 40% - 2:59
PK3 Forward
1 - 100% - 60% - 0:52
2 - 0% - 40% - 0:00
PK3 Defense
1 - 100% - 60% - 0:52
2 - 0% - 40% - 0:00
44 Forward
1 - 0% - 60%
2 - 0% - 40%
44 Defense
1 - 0% - 60%
2 - 0% - 40%
Last Minute Offensive  - 0:00
Last Minute Defensive  - 0:00
Total
Forward - 60:00
Defense - 60:00

% Time on Ice - Senators

Lines # - Real PCT - Wanted PCT - Time Play
Normal Forward
1 - 32% - 35% - 12:44
2 - 30% - 30% - 11:57
3 - 25% - 22% - 9:52
4 - 12% - 13% - 4:52
Normal Defense
1 - 37% - 35% - 14:38
2 - 27% - 30% - 10:35
3 - 32% - 22% - 12:27
4 - 4% - 13% - 1:45
PP Forward
1 - 56% - 60% - 6:01
2 - 44% - 40% - 4:39
PP Defense
1 - 65% - 60% - 6:55
2 - 35% - 40% - 3:45
PK Forward
1 - 71% - 60% - 7:02
2 - 29% - 40% - 2:53
PK Defense
1 - 51% - 60% - 5:03
2 - 49% - 40% - 4:52
PK3 Forward
1 - 0% - 60%
2 - 0% - 40%
PK3 Defense
1 - 0% - 60%
2 - 0% - 40%
44 Forward
1 - 0% - 60%
2 - 0% - 40%
44 Defense
1 - 0% - 60%
2 - 0% - 40%
Last Minute Offensive  - 0:00
Last Minute Defensive  - 0:00
Total
Forward - 60:00
Defense - 60:00

Play by Play

1st period


0:01 of 1st period - Nazem Kadri wins face-off versus Justin Abdelkader in neutral zone.
0:15 of 1st period - Zach Bogosian is hit by Justin Abdelkader and loses puck.
0:24 of 1st period - Fedor Tyutin is hit by Justin Abdelkader and loses puck.
0:31 of 1st period - Alex Goligoski is hit by Nazem Kadri and loses puck.
0:48 of 1st period - Snap shot by Tomas Hertl.
0:48 of 1st period - Stopped by Steve Mason with a rebound.
0:50 of 1st period - Snap shot by Alex Goligoski.
0:50 of 1st period - Stopped by Steve Mason with a rebound.
0:52 of 1st period - Slapshot by Brian Campbell.
0:52 of 1st period - Stopped by Steve Mason with a rebound.
1:04 of 1st period - Snap shot by Tomas Hertl.
1:04 of 1st period - Shot Blocked by Johnny Oduya.
1:31 of 1st period - Minor Penalty to Travis Moen for Hooking.
1:32 of 1st period - Brandon Prust wins face-off versus Kyle Okposo in RedWings zone.
2:07 of 1st period - David Moss is hit by Scott Hartnell and loses puck.
2:14 of 1st period - Wrist shot by Scott Hartnell.
2:14 of 1st period - Stopped by Martin Jones with a rebound.
2:16 of 1st period - Slapshot by Johnny Oduya.
2:16 of 1st period - Deflect By Alex Goligoski.
2:16 of 1st period - Goal by Johnny Oduya - RedWings : 0 - Senators : 1.
2:17 of 1st period - Boone Jenner wins face-off versus Brandon Prust in neutral zone.
2:20 of 1st period - Zac Rinaldo is hit by Scott Gomez and loses puck.
2:35 of 1st period - Slapshot by Jason Demers.
2:35 of 1st period - Stopped by Steve Mason with a rebound.
2:46 of 1st period - Slapshot by Matt Greene.
2:46 of 1st period - Deflect By Scott Gomez.
2:46 of 1st period - Shot Misses the Net.
2:46 of 1st period - Puck is out of play.
2:47 of 1st period - Chris VandeVelde wins face-off versus Kyle Chipchura in RedWings zone.
3:02 of 1st period - Backhand shot by Zach Bogosian.
3:02 of 1st period - Shot Misses the Net.
3:36 of 1st period - Snap shot by Brian Campbell.
3:36 of 1st period - Stopped by Steve Mason without a rebound.
3:37 of 1st period - Justin Abdelkader wins face-off versus Brad Richards in Senators zone.
4:06 of 1st period - Wrist shot by Justin Abdelkader.
4:06 of 1st period - Shot Misses the Net.
4:58 of 1st period - Brandon Prust is hit by Nazem Kadri and loses puck.
5:22 of 1st period - Slapshot by Kyle Clifford.
5:22 of 1st period - Shot Misses the Net.
5:36 of 1st period - Snap shot by Tomas Hertl.
5:36 of 1st period - Shot Blocked by Fedor Tyutin.
6:07 of 1st period - Slapshot by Nikita Nikitin.
6:07 of 1st period - Shot Misses the Net.
6:37 of 1st period - Wrist shot by Brad Richards.
6:37 of 1st period - Stopped by Martin Jones without a rebound.
6:38 of 1st period - Justin Abdelkader wins face-off versus Brad Richards in RedWings zone.
6:45 of 1st period - Brad Richards is hit by Justin Abdelkader.
6:58 of 1st period - Slapshot by Brian Campbell.
6:58 of 1st period - Shot Blocked by Fedor Tyutin.
7:06 of 1st period - Snap shot by Justin Abdelkader.
7:06 of 1st period - Stopped by Steve Mason with a rebound.
7:08 of 1st period - Slapshot by Alex Goligoski.
7:08 of 1st period - Shot Blocked by Zach Bogosian.
7:10 of 1st period - Slapshot by Justin Abdelkader.
7:10 of 1st period - Shot Misses the Net.
7:28 of 1st period - Slapshot by Brian Campbell.
7:28 of 1st period - Stopped by Steve Mason with a rebound.
7:30 of 1st period - Slapshot by Alex Goligoski.
7:30 of 1st period - Shot Blocked by Fedor Tyutin.
7:34 of 1st period - Snap shot by Jesse Joensuu.
7:34 of 1st period - Shot Blocked by Fedor Tyutin.
7:36 of 1st period - Snap shot by Tyler Pitlick.
7:36 of 1st period - Shot Blocked by Fedor Tyutin.
7:38 of 1st period - Snap shot by Tyler Pitlick.
7:38 of 1st period - Shot Blocked by Zach Bogosian.
7:40 of 1st period - Slapshot by Nick Leddy.
7:40 of 1st period - Stopped by Steve Mason without a rebound.
7:41 of 1st period - Nazem Kadri wins face-off versus Tomas Hertl in Senators zone.
8:32 of 1st period - Nikita Nikitin is hit by Jesse Joensuu and loses puck.
8:38 of 1st period - Minor Penalty to Kyle Clifford for Holding.
8:39 of 1st period - Boone Jenner wins face-off versus Justin Abdelkader in Senators zone.
8:39 of 1st period - Boone Jenner is hit by David Moss.
9:30 of 1st period - Justin Schultz is hit by Travis Moen and loses puck.
10:23 of 1st period - Justin Schultz is hit by Alexei Emelin and loses puck.
10:38 of 1st period - Penalty to Kyle Clifford is over, Kyle Clifford is back on ice.
11:01 of 1st period - Fedor Tyutin is hit by Travis Moen and loses puck.
11:24 of 1st period - Wrist shot by Phil Kessel.
11:24 of 1st period - Stopped by Martin Jones with a rebound.
11:26 of 1st period - Slapshot by Zach Bogosian.
11:26 of 1st period - Shot Blocked by Chris VandeVelde.
11:28 of 1st period - Wrist shot by Phil Kessel.
11:28 of 1st period - Stopped by Martin Jones with a rebound.
11:38 of 1st period - Wrist shot by Scott Hartnell.
11:38 of 1st period - Shot Blocked by Chris VandeVelde.
11:40 of 1st period - Slapshot by Nikita Nikitin.
11:40 of 1st period - Shot Misses the Net.
11:42 of 1st period - Slapshot by Nikita Nikitin.
11:42 of 1st period - Stopped by Martin Jones with a rebound.
11:44 of 1st period - Slapshot by Nikita Nikitin.
11:44 of 1st period - Goal by Nikita Nikitin - RedWings : 0 - Senators : 2.
11:45 of 1st period - Brad Richards wins face-off versus Justin Abdelkader in neutral zone.
12:07 of 1st period - Wrist shot by Brad Richards.
12:07 of 1st period - Deflect By Kyle Okposo.
12:07 of 1st period - Shot Misses the Net.
12:07 of 1st period - Puck is out of play.
12:08 of 1st period - Chris VandeVelde wins face-off versus Nazem Kadri in RedWings zone.
12:37 of 1st period - Wrist shot by Phil Kessel.
12:37 of 1st period - Shot Misses the Net.
13:20 of 1st period - Scott Gomez is hit by Zac Rinaldo and loses puck.
13:33 of 1st period - Slapshot by Alex Goligoski.
13:33 of 1st period - Shot Blocked by Scott Gomez.
13:49 of 1st period - Johnny Oduya is hit by Justin Abdelkader and loses puck.
14:00 of 1st period - Wrist shot by Brian Campbell.
14:00 of 1st period - Goal by Brian Campbell - RedWings : 1 - Senators : 2.
14:01 of 1st period - Tomas Hertl wins face-off versus Brad Richards in neutral zone.
14:14 of 1st period - Slapshot by Brian Campbell.
14:14 of 1st period - Stopped by Steve Mason without a rebound.
14:15 of 1st period - Tomas Hertl wins face-off versus Brad Richards in Senators zone.
14:16 of 1st period - Slapshot by Brian Campbell.
14:16 of 1st period - Stopped by Steve Mason with a rebound.
14:18 of 1st period - Snap shot by Stephane Veilleux.
14:18 of 1st period - Shot Misses the Net.
14:22 of 1st period - Wrist shot by Tomas Hertl.
14:22 of 1st period - Shot Misses the Net.
14:24 of 1st period - Wrist shot by Travis Moen.
14:24 of 1st period - Shot Blocked by Brad Richards.
14:26 of 1st period - Slapshot by Brian Campbell.
14:26 of 1st period - Stopped by Steve Mason with a rebound.
14:46 of 1st period - Snap shot by Brian Campbell.
14:46 of 1st period - Shot Blocked by Fedor Tyutin.
15:35 of 1st period - Minor Penalty to Zach Bogosian for Hooking.
15:36 of 1st period - Boone Jenner wins face-off versus Brandon Prust in Senators zone.
15:45 of 1st period - Slapshot by Alex Goligoski.
15:45 of 1st period - Shot Blocked by Johnny Oduya.
15:47 of 1st period - Slapshot by Travis Moen.
15:47 of 1st period - Stopped by Steve Mason with a rebound.
16:21 of 1st period - Johnny Oduya is hit by David Moss and loses puck.
16:46 of 1st period - Snap shot by Stephane Veilleux.
16:46 of 1st period - Stopped by Steve Mason without a rebound.
16:47 of 1st period - Brandon Prust wins face-off versus Kyle Chipchura in Senators zone.
17:15 of 1st period - Off-side.
17:16 of 1st period - Justin Abdelkader wins face-off versus Boone Jenner in neutral zone.
17:35 of 1st period - Penalty to Zach Bogosian is over, Zach Bogosian is back on ice.
17:35 of 1st period - Off-side.
17:36 of 1st period - Brandon Prust wins face-off versus Nazem Kadri in neutral zone.
18:01 of 1st period - Wrist shot by Scott Hartnell.
18:01 of 1st period - Stopped by Martin Jones with a rebound.
18:07 of 1st period - Backhand shot by Alex Goligoski.
18:07 of 1st period - Shot Blocked by Matt Greene.
18:09 of 1st period - Slapshot by Brian Campbell.
18:09 of 1st period - Stopped by Steve Mason with a rebound.
18:11 of 1st period - Slapshot by Alex Goligoski.
18:11 of 1st period - Shot Misses the Net.
18:18 of 1st period - Minor Penalty to Nazem Kadri for Tripping.
18:19 of 1st period - Justin Abdelkader wins face-off versus Boone Jenner in Senators zone.
18:51 of 1st period - Snap shot by Justin Abdelkader.
18:51 of 1st period - Deflect By Milan Michalek.
18:51 of 1st period - Stopped by Steve Mason with a rebound.
19:15 of 1st period - Slapshot by Brian Campbell.
19:15 of 1st period - Deflect By Fedor Tyutin.
19:15 of 1st period - Stopped by Steve Mason without a rebound.
19:16 of 1st period - Kyle Chipchura wins face-off versus Brandon Prust in Senators zone.
19:21 of 1st period - Slapshot by Brian Campbell.
19:21 of 1st period - Shot Blocked by Justin Schultz.
19:23 of 1st period - Snap shot by Brandon Prust.
19:23 of 1st period - Stopped by Steve Mason without a rebound.
19:24 of 1st period - David Clarkson wins face-off versus Justin Abdelkader in Senators zone.
19:46 of 1st period - Johnny Oduya is hit by Alex Goligoski and loses puck.
Goals for this period are 1 for RedWings vs 2 for Senators.
Shots for this period are 18 for RedWings vs 8 for Senators.

2nd period


0:01 of 2nd period - Justin Abdelkader wins face-off versus Boone Jenner in neutral zone.
0:10 of 2nd period - Snap shot by Justin Abdelkader.
0:10 of 2nd period - Deflect By Milan Michalek.
0:10 of 2nd period - Stopped by Steve Mason with a rebound.
0:18 of 2nd period - Penalty to Nazem Kadri is over, Nazem Kadri is back on ice.
0:22 of 2nd period - Snap shot by Nazem Kadri.
0:22 of 2nd period - Deflect By Boone Jenner.
0:22 of 2nd period - Shot Misses the Net.
0:22 of 2nd period - Puck is out of play.
0:23 of 2nd period - Nazem Kadri wins face-off versus Brandon Prust in RedWings zone.
0:47 of 2nd period - Wrist shot by Bryan Bickell.
0:47 of 2nd period - Stopped by Steve Mason with a rebound.
0:55 of 2nd period - Brandon Prust is hit by Justin Schultz and loses puck.
1:35 of 2nd period - Travis Moen is hit by Kyle Clifford and loses puck.
2:04 of 2nd period - Wrist shot by Brad Richards.
2:04 of 2nd period - Shot Misses the Net.
2:18 of 2nd period - Snap shot by Brad Richards.
2:18 of 2nd period - Shot Misses the Net.
2:43 of 2nd period - Slapshot by Jason Demers.
2:43 of 2nd period - Shot Blocked by Kyle Okposo.
2:45 of 2nd period - Slapshot by Nick Leddy.
2:45 of 2nd period - Shot Blocked by Nikita Nikitin.
3:56 of 2nd period - Minor Penalty to Zac Rinaldo for Slashing.
3:57 of 2nd period - Nazem Kadri wins face-off versus Brandon Prust in RedWings zone.
4:14 of 2nd period - Snap shot by Phil Kessel.
4:14 of 2nd period - Shot Blocked by Brian Campbell.
4:56 of 2nd period - Johnny Boychuk is hit by Fedor Tyutin.
5:07 of 2nd period - Johnny Boychuk is hit by Nazem Kadri and loses puck.
5:56 of 2nd period - Penalty to Zac Rinaldo is over, Zac Rinaldo is back on ice.
6:06 of 2nd period - Snap shot by Jesse Joensuu.
6:06 of 2nd period - Stopped by Steve Mason without a rebound.
6:07 of 2nd period - Boone Jenner wins face-off versus Tomas Hertl in Senators zone.
6:16 of 2nd period - Snap shot by Nikita Nikitin.
6:16 of 2nd period - Shot Blocked by Nick Leddy.
6:20 of 2nd period - Snap shot by Boone Jenner.
6:20 of 2nd period - Stopped by Martin Jones without a rebound.
6:21 of 2nd period - Boone Jenner wins face-off versus Tomas Hertl in RedWings zone.
6:24 of 2nd period - Snap shot by Kyle Clifford.
6:24 of 2nd period - Stopped by Martin Jones without a rebound.
6:25 of 2nd period - Tomas Hertl wins face-off versus Scott Gomez in RedWings zone.
6:58 of 2nd period - Minor Penalty to Stephane Veilleux for Roughing.
6:59 of 2nd period - Nazem Kadri wins face-off versus Brandon Prust in RedWings zone.
7:15 of 2nd period - Backhand shot by Phil Kessel.
7:15 of 2nd period - Stopped by Martin Jones with a rebound.
7:17 of 2nd period - Slapshot by Fedor Tyutin.
7:17 of 2nd period - Shot Misses the Net.
7:19 of 2nd period - Slapshot by Scott Hartnell.
7:19 of 2nd period - Shot Misses the Net.
7:21 of 2nd period - Slapshot by Zach Bogosian.
7:21 of 2nd period - Shot Hit the Post.
7:23 of 2nd period - Wrist shot by Zach Bogosian.
7:23 of 2nd period - Goal by Zach Bogosian - RedWings : 1 - Senators : 3.
7:24 of 2nd period - Brad Richards wins face-off versus Justin Abdelkader in neutral zone.
7:41 of 2nd period - Slapshot by Brian Campbell.
7:41 of 2nd period - Shot Blocked by Johnny Oduya.
8:07 of 2nd period - Minor Penalty to Milan Michalek for Roughing.
8:08 of 2nd period - Nazem Kadri wins face-off versus Brandon Prust in RedWings zone.
8:09 of 2nd period - Slapshot by Phil Kessel.
8:09 of 2nd period - Shot Misses the Net.
8:11 of 2nd period - Slapshot by Zach Bogosian.
8:11 of 2nd period - Stopped by Martin Jones with a rebound.
8:13 of 2nd period - Snap shot by Phil Kessel.
8:13 of 2nd period - Stopped by Martin Jones without a rebound.
8:14 of 2nd period - Nazem Kadri wins face-off versus Brandon Prust in RedWings zone.
8:36 of 2nd period - Minor Penalty to Brandon Prust for High sticking.
8:37 of 2nd period - Nazem Kadri wins face-off versus Zac Rinaldo in RedWings zone.
9:05 of 2nd period - Slapshot by Alex Goligoski.
9:05 of 2nd period - Deflect By Zach Bogosian.
9:05 of 2nd period - Stopped by Steve Mason with a rebound.
9:24 of 2nd period - Slapshot by Brad Richards.
9:24 of 2nd period - Shot Misses the Net.
9:26 of 2nd period - Slapshot by Fedor Tyutin.
9:26 of 2nd period - Stopped by Martin Jones with a rebound.
9:28 of 2nd period - Slapshot by Fedor Tyutin.
9:28 of 2nd period - Goal by Fedor Tyutin - RedWings : 1 - Senators : 4.
9:29 of 2nd period - Zac Rinaldo wins face-off versus Brad Richards in neutral zone.
9:58 of 2nd period - Wrist shot by Kyle Okposo.
9:58 of 2nd period - Shot Misses the Net.
10:00 of 2nd period - Slapshot by Johnny Oduya.
10:00 of 2nd period - Deflect By Kyle Okposo.
10:00 of 2nd period - Shot Blocked by Alexei Emelin.
10:00 of 2nd period - Puck is out of play.
10:01 of 2nd period - Zac Rinaldo wins face-off versus Nazem Kadri in RedWings zone.
10:16 of 2nd period - Slapshot by Alex Goligoski.
10:16 of 2nd period - Deflect By Zach Bogosian.
10:16 of 2nd period - Stopped by Steve Mason with a rebound.
10:36 of 2nd period - Penalty to Brandon Prust is over, Brandon Prust is back on ice.
11:11 of 2nd period - Johnny Oduya is hit by Chris VandeVelde and loses puck.
11:35 of 2nd period - Justin Schultz is hit by Zac Rinaldo and loses puck.
12:24 of 2nd period - Reilly Smith is hit by Stephane Veilleux and loses puck.
12:31 of 2nd period - Fedor Tyutin is hit by Tomas Hertl and loses puck.
12:42 of 2nd period - David Moss is hit by Fedor Tyutin and loses puck.
13:07 of 2nd period - Minor Penalty to Zach Bogosian for High sticking.
13:08 of 2nd period - Brandon Prust wins face-off versus Boone Jenner in Senators zone.
13:29 of 2nd period - Fedor Tyutin is hit by Brandon Prust.
13:59 of 2nd period - Slapshot by Brian Campbell.
13:59 of 2nd period - Deflect By Milan Michalek.
13:59 of 2nd period - Shot Blocked by Justin Schultz.
13:59 of 2nd period - Puck is out of play.
14:00 of 2nd period - Milan Michalek wins face-off versus Boone Jenner in Senators zone.
15:00 of 2nd period - Milan Michalek is hit by Colin Greening and loses puck.
15:07 of 2nd period - Penalty to Zach Bogosian is over, Zach Bogosian is back on ice.
15:27 of 2nd period - Snap shot by Scott Hartnell.
15:27 of 2nd period - Deflect By Nazem Kadri.
15:27 of 2nd period - Shot Misses the Net.
15:27 of 2nd period - Puck is out of play.
15:28 of 2nd period - Nazem Kadri wins face-off versus Chris VandeVelde in RedWings zone.
15:33 of 2nd period - Wrist shot by Nazem Kadri.
15:33 of 2nd period - Stopped by Martin Jones with a rebound.
15:35 of 2nd period - Backhand shot by Nikita Nikitin.
15:35 of 2nd period - Deflect By Phil Kessel.
15:35 of 2nd period - Stopped by Martin Jones with a rebound.
16:23 of 2nd period - Snap shot by Bryan Bickell.
16:23 of 2nd period - Stopped by Steve Mason with a rebound.
16:25 of 2nd period - Snap shot by Zac Rinaldo.
16:25 of 2nd period - Stopped by Steve Mason with a rebound.
16:27 of 2nd period - Snap shot by Brandon Prust.
16:27 of 2nd period - Shot Blocked by Nikita Nikitin.
16:29 of 2nd period - Backhand shot by Brandon Prust.
16:29 of 2nd period - Stopped by Steve Mason with a rebound.
16:31 of 2nd period - Slapshot by Bryan Bickell.
16:31 of 2nd period - Shot Blocked by Brad Richards.
16:33 of 2nd period - Wrist shot by Brian Campbell.
16:33 of 2nd period - Shot Misses the Net.
16:59 of 2nd period - Colin Greening is hit by Tomas Hertl and loses puck.
17:15 of 2nd period - Minor Penalty to David Clarkson for Hooking.
17:16 of 2nd period - Boone Jenner wins face-off versus Justin Abdelkader in Senators zone.
18:09 of 2nd period - Slapshot by Brian Campbell.
18:09 of 2nd period - Stopped by Steve Mason with a rebound.
18:11 of 2nd period - Wrist shot by Brian Campbell.
18:11 of 2nd period - Shot Blocked by Johnny Oduya.
18:13 of 2nd period - Snap shot by Brian Campbell.
18:13 of 2nd period - RedWings goal is going for a video replay.
18:13 of 2nd period - The goal is refused. The attacking player has interfered with a goalkeeper in his goal crease..
18:14 of 2nd period - Boone Jenner wins face-off versus Justin Abdelkader in Senators zone.
18:43 of 2nd period - Snap shot by Boone Jenner.
18:43 of 2nd period - Stopped by Martin Jones without a rebound.
18:44 of 2nd period - Boone Jenner wins face-off versus Brandon Prust in RedWings zone.
19:15 of 2nd period - Penalty to David Clarkson is over, David Clarkson is back on ice.
19:15 of 2nd period - Zach Bogosian is hit by Justin Abdelkader.
19:50 of 2nd period - Snap shot by Nazem Kadri.
19:50 of 2nd period - Shot Misses the Net.
19:52 of 2nd period - Snap shot by Phil Kessel.
19:52 of 2nd period - Stopped by Martin Jones with a rebound.
19:54 of 2nd period - Snap shot by Scott Hartnell.
19:54 of 2nd period - Shot Misses the Net.
19:56 of 2nd period - Snap shot by Johnny Oduya.
19:56 of 2nd period - Deflect By Phil Kessel.
19:56 of 2nd period - Stopped by Martin Jones with a rebound.
19:58 of 2nd period - Slapshot by Johnny Oduya.
19:58 of 2nd period - Stopped by Martin Jones with a rebound.
Goals for this period are 0 for RedWings vs 2 for Senators.
Shots for this period are 10 for RedWings vs 14 for Senators.

3rd period


0:01 of 3rd period - Nazem Kadri wins face-off versus Tomas Hertl in neutral zone.
0:07 of 3rd period - Minor Penalty to Travis Moen for High sticking.
0:08 of 3rd period - Nazem Kadri wins face-off versus Brandon Prust in RedWings zone.
0:26 of 3rd period - Slapshot by Alex Goligoski.
0:26 of 3rd period - Deflect By Brandon Prust.
0:26 of 3rd period - Shot Blocked by Fedor Tyutin.
0:26 of 3rd period - Puck is out of play.
0:27 of 3rd period - Brandon Prust wins face-off versus Nazem Kadri in Senators zone.
0:33 of 3rd period - Slapshot by Justin Abdelkader.
0:33 of 3rd period - Stopped by Steve Mason without a rebound.
0:34 of 3rd period - Brad Richards wins face-off versus Brandon Prust in Senators zone.
0:39 of 3rd period - Slapshot by Kyle Okposo.
0:39 of 3rd period - Stopped by Martin Jones without a rebound.
0:40 of 3rd period - Brad Richards wins face-off versus Brandon Prust in RedWings zone.
0:49 of 3rd period - Snap shot by Brad Richards.
0:49 of 3rd period - Stopped by Martin Jones with a rebound.
0:51 of 3rd period - Snap shot by Zach Bogosian.
0:51 of 3rd period - Shot Misses the Net.
0:53 of 3rd period - Snap shot by Kyle Okposo.
0:53 of 3rd period - Deflect By Brad Richards.
0:53 of 3rd period - Shot Blocked by Brandon Prust.
0:53 of 3rd period - Puck is out of play.
0:54 of 3rd period - Brad Richards wins face-off versus Brandon Prust in RedWings zone.
1:07 of 3rd period - Alex Goligoski is hit by Zach Bogosian and loses puck.
1:12 of 3rd period - Snap shot by Reilly Smith.
1:12 of 3rd period - Goal by Reilly Smith - RedWings : 1 - Senators : 5.
1:13 of 3rd period - Tomas Hertl wins face-off versus Nazem Kadri in neutral zone.
1:20 of 3rd period - Wrist shot by Tomas Hertl.
1:20 of 3rd period - Shot Blocked by Zach Bogosian.
1:22 of 3rd period - Backhand shot by Alex Goligoski.
1:22 of 3rd period - Shot Blocked by Fedor Tyutin.
1:24 of 3rd period - Backhand shot by Brian Campbell.
1:24 of 3rd period - Shot Hit the Post.
1:26 of 3rd period - Backhand shot by Alex Goligoski.
1:26 of 3rd period - Shot Blocked by Scott Hartnell.
1:34 of 3rd period - Wrist shot by Tomas Hertl.
1:34 of 3rd period - Stopped by Steve Mason with a rebound.
1:36 of 3rd period - Slapshot by Alex Goligoski.
1:36 of 3rd period - Deflect By Tomas Hertl.
1:36 of 3rd period - Stopped by Steve Mason with a rebound.
1:38 of 3rd period - Slapshot by Alex Goligoski.
1:38 of 3rd period - Stopped by Steve Mason with a rebound.
1:40 of 3rd period - Slapshot by Brian Campbell.
1:40 of 3rd period - Shot Blocked by Fedor Tyutin.
2:06 of 3rd period - Zach Bogosian is hit by Milan Michalek and loses puck.
2:29 of 3rd period - David Moss is hit by Scott Gomez and loses puck.
2:58 of 3rd period - Icing by Justin Schultz.
2:59 of 3rd period - Brad Richards wins face-off versus Brandon Prust in Senators zone.
2:59 of 3rd period - Brad Richards is hit by Jason Demers.
3:19 of 3rd period - Minor Penalty to Brandon Prust for Hooking.
3:20 of 3rd period - Zac Rinaldo wins face-off versus Nazem Kadri in RedWings zone.
4:18 of 3rd period - Off-side.
4:19 of 3rd period - Brad Richards wins face-off versus Tomas Hertl in neutral zone.
5:04 of 3rd period - Johnny Oduya is hit by David Moss and loses puck.
5:19 of 3rd period - Penalty to Brandon Prust is over, Brandon Prust is back on ice.
5:27 of 3rd period - Slapshot by Alex Goligoski.
5:27 of 3rd period - Shot Misses the Net.
5:29 of 3rd period - Snap shot by Travis Moen.
5:29 of 3rd period - Stopped by Steve Mason with a rebound.
5:31 of 3rd period - Wrist shot by David Moss.
5:31 of 3rd period - Shot Blocked by Johnny Oduya.
5:33 of 3rd period - Slapshot by Alex Goligoski.
5:33 of 3rd period - Stopped by Steve Mason without a rebound.
5:34 of 3rd period - Chris VandeVelde wins face-off versus Boone Jenner in Senators zone.
5:47 of 3rd period - Wrist shot by Chris VandeVelde.
5:47 of 3rd period - Shot Misses the Net.
5:59 of 3rd period - Slapshot by Jason Demers.
5:59 of 3rd period - Shot Blocked by Fedor Tyutin.
6:01 of 3rd period - Slapshot by Tyler Pitlick.
6:01 of 3rd period - Stopped by Steve Mason with a rebound.
6:03 of 3rd period - Slapshot by Chris VandeVelde.
6:03 of 3rd period - Shot Blocked by Scott Gomez.
6:05 of 3rd period - Slapshot by Tyler Pitlick.
6:05 of 3rd period - Stopped by Steve Mason with a rebound.
6:07 of 3rd period - Slapshot by Chris VandeVelde.
6:07 of 3rd period - Shot Misses the Net.
6:37 of 3rd period - Minor Penalty to Brandon Prust for Hooking.
6:38 of 3rd period - Brad Richards wins face-off versus Zac Rinaldo in RedWings zone.
7:00 of 3rd period - Backhand shot by Alex Goligoski.
7:00 of 3rd period - Deflect By Justin Abdelkader.
7:00 of 3rd period - Shot Misses the Net.
7:00 of 3rd period - Puck is out of play.
7:01 of 3rd period - Justin Abdelkader wins face-off versus Nazem Kadri in Senators zone.
7:32 of 3rd period - Brian Campbell is hit by Scott Hartnell and loses puck.
7:37 of 3rd period - Wrist shot by Phil Kessel.
7:37 of 3rd period - Shot Misses the Net.
7:53 of 3rd period - Brian Campbell is hit by Brad Richards and loses puck.
8:08 of 3rd period - Snap shot by Brad Richards.
8:08 of 3rd period - Shot Blocked by Brian Campbell.
8:18 of 3rd period - Zach Bogosian is hit by Tomas Hertl.
8:32 of 3rd period - Wrist shot by Tomas Hertl.
8:32 of 3rd period - Shot Blocked by Fedor Tyutin.
8:34 of 3rd period - Slapshot by Johnny Boychuk.
8:34 of 3rd period - Stopped by Steve Mason without a rebound.
8:35 of 3rd period - Nazem Kadri wins face-off versus Zac Rinaldo in Senators zone.
8:37 of 3rd period - Penalty to Brandon Prust is over, Brandon Prust is back on ice.
8:46 of 3rd period - Snap shot by Phil Kessel.
8:46 of 3rd period - Shot Misses the Net.
8:58 of 3rd period - Snap shot by Tomas Hertl.
8:58 of 3rd period - Stopped by Steve Mason with a rebound.
9:14 of 3rd period - Backhand shot by Tomas Hertl.
9:14 of 3rd period - Goal by Tomas Hertl - RedWings : 2 - Senators : 5.
9:15 of 3rd period - Tyler Pitlick wins face-off versus Boone Jenner in neutral zone.
9:18 of 3rd period - Slapshot by Jason Demers.
9:18 of 3rd period - Shot Misses the Net.
10:15 of 3rd period - Matt Greene is hit by Nick Leddy and loses puck.
10:16 of 3rd period - Matt Greene from Senators is injured at 10:16 of 3rd period (Right Hand).
10:17 of 3rd period - Justin Abdelkader wins face-off versus Nazem Kadri in Senators zone.
10:44 of 3rd period - Slapshot by Nazem Kadri.
10:44 of 3rd period - Shot Misses the Net.
12:01 of 3rd period - Colin Greening is hit by Zac Rinaldo and loses puck.
12:10 of 3rd period - Wrist shot by Colin Greening.
12:10 of 3rd period - Stopped by Martin Jones without a rebound.
12:11 of 3rd period - Boone Jenner wins face-off versus Chris VandeVelde in RedWings zone.
12:26 of 3rd period - Snap shot by Scott Gomez.
12:26 of 3rd period - Shot Misses the Net.
13:29 of 3rd period - Slapshot by Justin Schultz.
13:29 of 3rd period - Shot Misses the Net.
13:33 of 3rd period - Wrist shot by Phil Kessel.
13:33 of 3rd period - Shot Misses the Net.
13:35 of 3rd period - Snap shot by Zach Bogosian.
13:35 of 3rd period - Shot Blocked by Alexei Emelin.
14:05 of 3rd period - Slapshot by Bryan Bickell.
14:05 of 3rd period - Stopped by Steve Mason without a rebound.
14:06 of 3rd period - Kyle Chipchura wins face-off versus Brandon Prust in Senators zone.
14:42 of 3rd period - Bryan Bickell is hit by David Clarkson and loses puck.
15:40 of 3rd period - Nick Leddy is hit by Phil Kessel and loses puck.
15:49 of 3rd period - Wrist shot by Phil Kessel.
15:49 of 3rd period - Shot Blocked by Jesse Joensuu.
16:45 of 3rd period - Wrist shot by Scott Gomez.
16:45 of 3rd period - Stopped by Martin Jones with a rebound.
16:47 of 3rd period - Snap shot by Kyle Clifford.
16:47 of 3rd period - Shot Blocked by Jason Demers.
17:24 of 3rd period - Slapshot by Alex Goligoski.
17:24 of 3rd period - Stopped by Steve Mason without a rebound.
17:25 of 3rd period - Tomas Hertl wins face-off versus Brad Richards in Senators zone.
18:52 of 3rd period - Slapshot by Justin Schultz.
18:52 of 3rd period - Deflect By Boone Jenner.
18:52 of 3rd period - Shot Blocked by Travis Moen.
18:52 of 3rd period - Puck is out of play.
18:53 of 3rd period - Justin Abdelkader wins face-off versus Boone Jenner in RedWings zone.
19:07 of 3rd period - Johnny Boychuk is hit by Kyle Clifford and loses puck.
19:48 of 3rd period - Wrist shot by Colin Greening.
19:48 of 3rd period - Shot Misses the Net.
Goals for this period are 1 for RedWings vs 1 for Senators.
Shots for this period are 13 for RedWings vs 5 for Senators.


Output by the SimonT Hockey Simulator (STHS) for Eric Dolegowski -- Original Page W3C XHTML 1.0 Valid
Hockey Simulator - Hockey Simulation - Hockey Manager